 Dungeon Crawl Stone Soup version 0.29.1-1-gd02db6906a (webtiles) character file.

Game seed: 2108275691114099201

42254 hawla the Eclecticist (level 14, 0/100 HPs)
             Began as a Meteoran Fire Elementalist on Oct 19, 2022.
             Was a High Priest of Vehumet.
             Slain by a merfolk impaler
             ... wielding a +2 trident of protection
              (20 damage)
             ... on level 4 of the Shoals.
             The game lasted 00:56:39 (7688 turns).

hawla the Eclecticist (Meteoran Fire Elementalist)  Turns: 7688, Time: 00:56:40

Health: 0/100      AC:  9    Str: 11    XL:     14   Next: 96%
Magic:  5/43       EV: 14    Int: 32    God:    Vehumet [*****.]
Gold:   2660       SH:  5    Dex: 13    Spells: 17/43 levels left

rFire   + . .      SeeInvis +   p - +7 double sword
rCold   + . .      Faith    .   (no shield)
rNeg    . . .      Spirit   .   a - +1 robe
rPois   +          Reflect  +   m - +4 helmet of Miracles {Int+5 Slay+3}
rElec   +          Harm     .   I - scarf {repulsion}
rCorr   +          Rampage  .   (no gloves)
Will    +....                   j - +0 pair of boots "Xiekuut" {rElec MP+9 Dex-2}
Stlth   +.........              i - amulet of reflection
HPRegen 0.26/turn               g - ring of see invisible
MPRegen 0.28/turn               E - +6 ring of intelligence

@: about to teleport, resistant, glowing, studying Polearms, repel missiles,
very slow
A: sense surroundings 2, otherworldly, glowing, explore regen
a: Renounce Religion


You were on level 4 of the Shoals.
You worshipped Vehumet.
Vehumet was extremely pleased with you.
You visited 3 branches of the dungeon, and saw 15 of its levels.

You collected 2965 gold pieces.
You spent 305 gold pieces at shops.

Inventory:

Hand Weapons
 l - a +1 trident of distortion
 p - a +7 double sword (weapon)
 P - a +1 scimitar of flaming
Armour
 a - a +1 robe (worn)
 j - the +0 pair of boots "Xiekuut" (worn) {rElec MP+9 Dex-2}
   (You acquired it on level 2 of the Dungeon)

   Dex:       It affects your dexterity (-2).
   rElec:     It insulates you from electricity.
   MP:        It affects your magic capacity (+9).
 m - the +4 helmet of Miracles (worn) {Int+5 Slay+3}
   (You acquired it on level 2 of the Dungeon)

   Int:       It affects your intelligence (+5).
   Slay:      It affects your accuracy & damage with ranged weapons and melee
   (+3).
 I - a scarf of repulsion (worn)
Jewellery
 g - a ring of see invisible (left hand)
 i - an amulet of reflection (around neck)
 n - an amulet of magic regeneration
 E - a +6 ring of intelligence (right hand)
 H - a +4 ring of evasion
 J - the ring "Tabrad" {Drain +Blink rElec rC+ Int+3}
   (You found it on level 4 of the Shoals)

   [ring of protection from cold]

   Int:       It affects your intelligence (+3).
   rC:        It protects you from cold.
   rElec:     It insulates you from electricity.
   +Blink:    It lets you blink.
   Drain:     It drains your maximum health when unequipped.
 N - a +4 ring of evasion
 O - a ring of ice
Wands
 b - a wand of paralysis (1)
 q - a wand of digging (13)
 y - a wand of polymorph (9)
 A - a wand of light (7) (quivered)
 B - a wand of roots (23)
Scrolls
 c - 7 scrolls of teleportation
 k - a scroll of amnesia
 o - 3 scrolls of enchant weapon
 s - 3 scrolls of butterflies
 z - a scroll of silence
 D - a scroll of brand weapon
 F - a scroll of blinking
Potions
 d - 2 potions of ambrosia
 e - 3 potions of curing
 f - 4 potions of resistance
 h - 3 potions of degeneration
 r - 6 potions of brilliance
 t - a potion of cancellation
 u - 2 potions of flight
 v - 2 potions of heal wounds
 w - 2 potions of haste
 x - 2 potions of berserk rage {unknown}
 C - 2 potions of attraction {unknown}
 G - 3 potions of lignification {unknown}
 K - 3 potions of mutation {unknown}
 Q - a potion of might {unknown}


   Skills:
 + Level 2.3 Fighting
 + Level 5.5 Long Blades
 + Level 5.7 Dodging
 - Level 1.4 Stealth
 - Level 15.0 Spellcasting
 + Level 13.2 Conjurations
 + Level 5.3 Translocations
 + Level 11.7 Fire Magic
 + Level 12.2 Ice Magic
 + Level 7.3 Air Magic
 + Level 2.0 Evocations


You had 17 spell levels left.
You knew the following spells:

 Your Spells              Type           Power      Damage    Failure   Level
a - Freezing Cloud        Conj/Ice/Air   38%        6-21      1%          5
b - Scorch                Fire           100%       2d10      0%          2
c - Flame Wave            Conj/Fire      81%        2d18      1%          4
d - Hailstorm             Conj/Ice       81%        3d16      1%          4
e - Iskenderun's Mystic   Conj/Tloc      70%        2d14      1%          4
f - Ozocubu's Refrigerat  Ice            40%        4d16      2%          7

Your spell library contained the following spells:

 Spells                   Type           Power      Damage    Failure   Level
 Irradiate                Conj/Tmut      30%        3d21      1%          5
 Foxfire                  Conj/Fire      100%       2x1d9     0%          1
 Freeze                   Ice            100%       1d11      0%          1
 Magic Dart               Conj           100%       1d8       0%          1
 Blink                    Tloc           100%       N/A       1%          2
 Conjure Flame            Conj/Fire      81%        6-21      1%          3
 Inner Flame              Hex/Fire       57%        N/A       1%          3
 Lesser Beckoning         Tloc           55%        N/A       1%          3
 Mephitic Cloud           Conj/Pois/Air  61%        N/A       1%          3
 Ozocubu's Armour         Ice            80%        N/A       1%          3
 Summon Ice Beast         Ice/Summ       58%        N/A       1%          4
 Metabolic Englaciation   Hex/Ice        29%        N/A       4%          5
 Manifold Assault         Tloc           55%        N/A       5%          5
 Petrify                  Tmut/Erth      24%        N/A       19%         4
 Simulacrum               Ice/Necr       29%        N/A       22%         6
 Spellforged Servitor     Conj/Summ      30%        N/A       26%         7
 Polar Vortex             Ice            40%        N/A       94%         9
 Statue Form              Tmut/Erth      16%        N/A       95%         6


Dungeon Overview and Level Annotations

Branches:
Dungeon (9/15) Zot: 55     Temple (0/1) D:6            Lair (2/5) D:9 Zot: 492
 Shoals (4/4) Lair:2 Zot: 552
  Snake: Lair:2-3    Spider: Lair:2-3       Orc: D:9-12

Altars:
Cheibriados
Elyvilon
Gozag
Kikubaaqudgha
Nemelex Xobeh
Okawaru
Qazlal
Ru
Sif Muna
Trog
Uskayaw
Vehumet
Wu Jian
Yredelemnul
Zin
Lugonu

Shops:
D:3 ?

Portals:
Abyss: Shoals:3

Annotations:
D:5 2 transporters
Shoals:2 3 runed translucent doors, exclusion: obsidian statue, om's ghost, journeyman MiBe
Shoals:3 1 runed translucent door
Shoals:4 1 runed translucent door, Godmorgon's ghost, adept DjIE


Innate Abilities, Weirdness & Mutations

You passively map the area around you.
You are easily found by Zot.
You glow in the dark.
You regain HP and MP as you explore.


Message History

The mystic blast hits the merfolk!!
The merfolk is heavily wounded.
The merfolk is knocked back by the mystic blast.
The merfolk impaler shouts!
The merfolk impaler is engulfed in freezing vapours. x2
The merfolk is engulfed in freezing vapours.
A water elemental comes into view.
The merfolk impaler is engulfed in freezing vapours.
A sea snake comes into view.
The merfolk is engulfed in freezing vapours.
The water elemental is engulfed in freezing vapours.
The sea snake is engulfed in freezing vapours.
The sea snake seems to slow down.
The merfolk impaler is engulfed in freezing vapours.
The sea snake moves out of view.
The water elemental is engulfed in freezing vapours.
The merfolk impaler is engulfed in freezing vapours.
Casting: Iskenderun's Mystic Blast (safe; 1% risk of failure)
Confirm with . or Enter, or press ? or * to list all spells.
You don't have enough magic to cast this spell.
The water elemental is engulfed in freezing vapours.
The merfolk impaler hits you from afar with a +2 trident of protection.
The merfolk hits you from afar with a +0 trident!
The merfolk impaler hits you from afar with a +2 trident of protection!!
The water elemental is engulfed in freezing vapours.
You destroy the water elemental!
Vehumet accepts your kill.
You feel your power returning.
It was a potion of resistance.
You feel protected.
The merfolk hits you from afar with a +0 trident!
The merfolk impaler hits you from afar with a +2 trident of protection.
* * * LOW HITPOINT WARNING * * *
The merfolk impaler misses you.
As you read the scroll of teleportation, it crumbles to dust.
You feel strangely unstable. The merfolk barely misses you.
The merfolk impaler hits you from afar with a +2 trident of protection!
* * * LOW HITPOINT WARNING * * *
The merfolk impaler hits you from afar with a +2 trident of protection!!
You die...

~ .....*~ *~ ~~ ~ ~ , ,
§§§. ~ ~ ~ ,,, * #☼§. ~ ~
* ~ ~ , #§~. ~ ~#~~~~≈≈ ~
<~ , ##.~~ * ~~ ~
~#~~~~~~ ~ ~ * ##....## ~
~~ ##~~~~~~ ~ ~
##.§~†m~## ~ ##~~~~~~~ ,
~ ~~
,..§§§m~~~#######~~~~≈≈≈≈
,
.§§§§.~@~~~~~~..~~~~≈≈≈≈
~~
.§§§§######~~...~~~~≈≈≈≈
~
§○§.##~~~)~#~....~~~≈~~~
~
~~~##~~~~#~(#...~~~~~~.#
~ ~~
#≈.~#≈†~~~#..~~~~~..# ~ ≈
#≈.≈≈≈≈(#~#~~~~~~~..#
~#≈.≈##≈≈~~#~~~~~~~... ~
, ~~#≈..≈#≈#~~#~~~~~~....
~≈≈#≈#~.≈≈~~~#~......~..


You could see a merfolk impaler and a merfolk.

Vanquished Creatures
  Kirke (Shoals:1)
  A merfolk impaler (Shoals:2)
  2 merfolk avatars
  A centaur warrior (Shoals:2)
  Erica (Lair:1)
  2 merfolk aquamancers
  A two-headed ogre (D:9)
  Urug (Lair:1)
  Nergalle (Lair:1)
  7 sea snakes
  22 harpies
  3 fauns (Shoals:2)
  5 manticores
  3 merfolk sirens
  3 water nymphs
  5 cane toads
  An apocalypse crab (Shoals:3)
  A rime drake (Lair:1)
  Psyche (D:9)
  12 merfolk
  3 trolls (D:9)
  4 wind drakes
  3 blink frogs (Lair:1)
  3 snapping turtles
  Sigmund (D:3)
  7 water elementals
  2 wyverns
  19 yaks
  A wraith (D:9)
  3 hogs (Shoals:1)
  2 basilisks (Lair:1)
  A human (Shoals:1)
  2 steam dragons
  4 water moccasins
  An acid dragon (D:9)
  6 black bears
  An ice beast (D:5)
  3 orc warriors
  3 sky beasts
  3 ogres (D:5)
  2 centaurs (D:8)
  3 kobold brigands
  7 bullfrogs
  4 scorpions
  9 killer bees
  2 howler monkeys
  7 orc priests
  3 hounds
  3 iguanas
  Terence (D:3)
  Jessica (D:3)
  Ijyb (D:4)
  7 orc wizards
  Robin (D:3)
  6 adders
  6 gnolls
  A shadow imp (D:6)
  3 white imps
  3 ufetubi
  5 worms
  5 dart slugs
  12 orcs
  9 ball pythons
  6 endoplasms
  5 giant cockroaches
  14 goblins
  11 hobgoblins
  6 jackals
  27 kobolds
  5 quokkas
  3 bats (D:1)
  3 frilled lizards (D:2)
  7 rats
334 creatures vanquished.

Vanquished Creatures (collateral kills)
  A cane toad (Lair:1)
  A foxfire (D:1)
2 creatures vanquished.

Vanquished Creatures (others)
  224 foxfires
  16 fungi
  85 plants
325 creatures vanquished.

Grand Total: 661 creatures vanquished

Notes
Turn   | Place    | Note
-------+----------+-------------------------------------------
     0 | D:1      | hawla the Meteoran Fire Elementalist began the quest for
                  | the Orb.
     0 | D:1      | Reached XP level 1. HP: 14/14 MP: 5/5
    38 | D:1      | Reached XP level 2. HP: 20/20 MP: 1/6
   118 | D:1      | Reached skill level 3 in Spellcasting
   223 | D:1      | Reached XP level 3. HP: 21/26 MP: 5/8
   338 | D:1      | Found a faded altar of an unknown god.
   341 | D:1      | Got Plato's Handbook of Blows and Bruises
   500 | D:1      | Glimpsed the power of Zot.
   534 | D:2      | Identified 4 scrolls of acquirement
   534 | D:2      | Acquired the +0 pair of boots "Xiekuut" {rElec MP+9 Dex-2}
   544 | D:2      | Acquired 646 gold pieces
   546 | D:2      | Acquired 1184 gold pieces
   625 | D:2      | Learned a level 2 spell: Scorch
   789 | D:2      | Reached XP level 4. HP: 34/34 MP: 9/9
   807 | D:2      | Acquired the +4 helmet of Miracles {Int+5 Slay+3}
  1100 | D:2      | Glimpsed the power of Zot.
  1111 | D:3      | Noticed Sigmund
  1111 | D:3      | Found Dipre's Magic Scroll Boutique.
  1117 | D:3      | Learned a level 4 spell: Flame Wave
  1182 | D:3      | Reached skill level 5 in Fire Magic
  1182 | D:3      | Noticed Terence
  1183 | D:3      | Reached XP level 5. HP: 35/39 MP: 11/11
  1183 | D:3      | Noticed Robin
  1228 | D:3      | Killed Terence
  1229 | D:3      | Killed Sigmund
  1230 | D:3      | Reached XP level 6. HP: 20/46 MP: 9/12
  1230 | D:3      | Reached XP level 7. HP: 22/51 MP: 9/13
  1230 | D:3      | Killed Robin
  1254 | D:3      | Bought a scroll of teleportation for 30 gold pieces
  1254 | D:3      | Bought a scroll of identify for 20 gold pieces
  1254 | D:3      | Bought a scroll of butterflies for 40 gold pieces
  1254 | D:3      | Bought a scroll of enchant weapon for 75 gold pieces
  1254 | D:3      | Bought a scroll of identify for 20 gold pieces
  1254 | D:3      | Bought a scroll of teleportation for 30 gold pieces
  1321 | D:3      | Acquired the Commentary on Ruinous Rime
  1344 | D:3      | Learned a level 4 spell: Hailstorm
  1460 | D:3      | Found a basalt altar of Yredelemnul.
  1472 | D:3      | Noticed Jessica
  1479 | D:3      | Killed Jessica
  1699 | D:3      | Glimpsed the power of Zot.
  1934 | D:4      | Reached skill level 1 in Ice Magic
  2041 | D:4      | Found Zin's Purification Station.
  2044 | D:4      | Found a glowing silver altar of Zin.
  2047 | D:4      | Bought a potion of curing for 90 gold pieces
  2093 | D:4      | Found a white marble altar of Elyvilon.
  2113 | D:4      | Reached skill level 5 in Conjurations
  2198 | D:4      | Noticed Ijyb
  2207 | D:4      | Killed Ijyb
  2208 | D:4      | Reached XP level 8. HP: 57/58 MP: 14/14
  2299 | D:4      | Glimpsed the power of Zot.
  2326 | D:5      | Entered Level 5 of the Dungeon
  2421 | D:5      | Found a radiant altar of Vehumet.
  2428 | D:5      | Became a worshipper of Vehumet
  2494 | D:5      | Found a transporter.
  2556 | D:5      | Found a snail-covered altar of Cheibriados.
  2587 | D:5      | Gained mutation: You passively map the area around you.
                  | [Meteoran growth]
  2587 | D:5      | Reached XP level 9. HP: 32/63 MP: 15/15
  2590 | D:5      | Reached skill level 1 in Long Blades
  2590 | D:5      | Reached skill level 4 in Spellcasting
  2597 | D:5      | Found a transporter.
  2640 | D:5      | Reached skill level 1 in Fighting
  2645 | D:5      | Learned a level 4 spell: Iskenderun's Mystic Blast
  2853 | D:5      | Found a sparkling altar of Nemelex Xobeh.
  2860 | D:5      | Reached skill level 1 in Translocations
  2888 | D:5      | Glimpsed the power of Zot.
  2945 | D:6      | Reached skill level 1 in Evocations
  3002 | D:6      | Reached * piety under Vehumet
  3002 | D:6      | Offered knowledge of Sandblast by Vehumet.
  3126 | D:6      | Found a staircase to the Ecumenical Temple.
  3187 | D:6      | Reached skill level 5 in Spellcasting
  3482 | D:6      | Glimpsed the power of Zot.
  3525 | D:7      | Reached skill level 6 in Spellcasting
  3525 | D:7      | Reached XP level 10. HP: 50/71 MP: 2/20
  3667 | D:7      | Noticed a +0 hand axe
  3670 | D:7      | Reached skill level 7 in Spellcasting
  3670 | D:7      | Found a hide-covered altar of Uskayaw.
  3670 | D:7      | Noticed a +0 dagger
  3786 | D:7      | Found an opulent altar of Gozag.
  3804 | D:7      | Offered knowledge of Poisonous Vapours by Vehumet.
  3806 | D:7      | Reached ** piety under Vehumet
  3839 | D:7      | Identified the +1 scale mail "Ypuoplio" {*Corrode rF++
                  | Will+ Stlth+}
  4046 | D:7      | Found a bloodstained altar of Trog.
  4073 | D:7      | Glimpsed the power of Zot.
  4422 | D:8      | Found an iron altar of Okawaru.
  4487 | D:8      | Got the Precepts of Graupel
  4494 | D:8      | Found an ornate altar of the Wu Jian Council.
  4665 | D:8      | Glimpsed the power of Zot.
  4840 | D:9      | Found a shimmering blue altar of Sif Muna.
  4850 | D:9      | Reached skill level 8 in Spellcasting
  4863 | D:9      | Learned a level 5 spell: Freezing Cloud
  4870 | D:9      | Reached skill level 1 in Air Magic
  4894 | D:9      | Reached skill level 5 in Ice Magic
  4895 | D:9      | Found an ancient bone altar of Kikubaaqudgha.
  4895 | D:9      | Found a faded altar of an unknown god.
  4909 | D:9      | Found a faded altar of an unknown god.
  4911 | D:9      | Found a stormy altar of Qazlal.
  4913 | D:9      | Found a sacrificial altar of Ru.
  4936 | D:9      | Noticed a two-headed ogre
  4941 | D:9      | Killed a two-headed ogre
  4942 | D:9      | Reached skill level 5 in Long Blades
  4942 | D:9      | Reached XP level 11. HP: 79/79 MP: 17/24
  4984 | D:9      | Found a staircase to the Lair.
  4988 | D:9      | Reached skill level 10 in Conjurations
  4995 | D:9      | Noticed Psyche
  4997 | D:9      | Killed Psyche
  5059 | D:9      | Reached skill level 9 in Spellcasting
  5059 | D:9      | Offered knowledge of Dazzling Flash by Vehumet.
  5262 | D:9      | Glimpsed the power of Zot.
  5307 | Lair:1   | Entered Level 1 of the Lair of Beasts
  5314 | Lair:1   | Reached *** piety under Vehumet
  5315 | Lair:1   | Reached skill level 10 in Fire Magic
  5335 | Lair:1   | Noticed Nergalle
  5340 | Lair:1   | Killed Nergalle
  5341 | Lair:1   | Reached skill level 10 in Spellcasting
  5357 | Lair:1   | Reached XP level 12. HP: 61/85 MP: 19/27
  5369 | Lair:1   | Learned a level 7 spell: Ozocubu's Refrigeration
  5449 | Lair:1   | Noticed Erica
  5454 | Lair:1   | Killed Erica
  5520 | Lair:1   | Offered knowledge of Sticky Flame by Vehumet.
  5582 | Lair:1   | Noticed Urug
  5587 | Lair:1   | Killed Urug
  5807 | Lair:1   | Glimpsed the power of Zot.
  6008 | Lair:2   | Found a staircase to the Shoals.
  6014 | Shoals:1 | Entered Level 1 of the Shoals
  6157 | Shoals:1 | Noticed Kirke
  6159 | Shoals:1 | Reached skill level 10 in Ice Magic
  6161 | Shoals:1 | Reached skill level 5 in Dodging
  6162 | Shoals:1 | Reached skill level 11 in Spellcasting
  6163 | Shoals:1 | Killed Kirke
  6164 | Shoals:1 | Reached XP level 13. HP: 91/91 MP: 22/29
  6321 | Shoals:1 | Reached **** piety under Vehumet
  6340 | Shoals:1 | Noticed a merfolk aquamancer
  6344 | Shoals:1 | Killed a merfolk aquamancer
  6480 | Shoals:1 | Glimpsed the power of Zot.
  6493 | Shoals:2 | Reached skill level 5 in Air Magic
  6503 | Shoals:2 | Reached skill level 12 in Spellcasting
  6503 | Shoals:2 | Found a runed translucent gate.
  6504 | Shoals:2 | Found a runed translucent gate.
  6504 | Shoals:2 | Found an opulent altar of Gozag.
  6505 | Shoals:2 | Found a runed translucent gate.
  6509 | Shoals:2 | Noticed a merfolk javelineer
  6510 | Shoals:2 | Noticed a centaur warrior
  6511 | Shoals:2 | Noticed om's ghost (journeyman MiBe)
  6512 | Shoals:2 | Noticed a merfolk javelineer
  6512 | Shoals:2 | Noticed a merfolk javelineer
  6525 | Shoals:2 | Noticed a merfolk aquamancer
  6532 | Shoals:2 | Killed a merfolk aquamancer
  6689 | Shoals:2 | Reached skill level 13 in Spellcasting
  6711 | Shoals:2 | Noticed a centaur warrior
  6714 | Shoals:2 | Killed a centaur warrior
  6755 | Shoals:2 | Offered knowledge of Lightning Bolt by Vehumet.
  6787 | Shoals:2 | Reached XP level 14. HP: 99/99 MP: 21/32
  6893 | Shoals:2 | Noticed a merfolk impaler
  6900 | Shoals:2 | Killed a merfolk impaler
  7007 | Shoals:2 | Glimpsed the power of Zot.
  7083 | Shoals:3 | Reached skill level 14 in Spellcasting
  7318 | Shoals:3 | Found a runed translucent door.
  7324 | Shoals:3 | Found a corrupted altar of Lugonu.
  7324 | Shoals:3 | Found a one-way gate to the infinite horrors of the Abyss.
  7408 | Shoals:4 | Entered Level 4 of the Shoals
  7426 | Shoals:4 | Noticed Godmorgon's ghost (adept DjIE)
  7569 | Shoals:4 | Found a runed translucent door.
  7585 | Shoals:4 | Reached ***** piety under Vehumet
  7589 | Shoals:4 | Offered knowledge of Irradiate by Vehumet.
  7627 | Shoals:4 | Reached skill level 15 in Spellcasting
  7632 | Shoals:4 | Reached skill level 5 in Translocations
  7654 | Shoals:4 | Identified the ring "Tabrad" {Drain +Blink rElec rC+ Int+3}
  7681 | Shoals:4 | Noticed a merfolk impaler
  7688 | Shoals:4 | Slain by a merfolk impaler

Illustrated notes

Levels and vault maps discovered:
D:1:      scummos_arrival_hexagon, layout_loops_cross,
          shapermc_ecumenical_altar_rom_forum, serial_glass, glass_columns_b,
          glass_columns_a, glass_columns_a, glass_columns_a, glass_columns_a,
          glass_columns_a, minmay_pentomino_o2
D:2:      layout_basic, minmay_joined_circles
D:3:      layout_basic, mainiacjoe_overflow_cross_hatched, serial_shops, shop,
          uniq_terence, uniq_robin, uniq_jessica, uniq_sigmund
D:4:      layout_loops_ring, mainiacjoe_overflow_surrounded_room, zin_purify,
          serial_aquarium, aquarium_bridge_long_separate
          [aquarium_subvault_bridge, aquarium_subvault_window,
          aquarium_subvault_bridge, aquarium_subvault_bridge,
          aquarium_subvault_wall, aquarium_subvault_balcony],
          aquarium_bridge_square [aquarium_subvault_bridge,
          aquarium_subvault_bridge, aquarium_subvault_bridge,
          aquarium_subvault_wall], aquarium_window_1, aquarium_window_fake,
          aquarium_window_1, aquarium_view_2g, aquarium_pool_side, uniq_ijyb
D:5:      gammafunk_steamed_eel, layout_basic, general_overflow_altar,
          nicolae_vehumet_altar_sigil, nemelex_dance_club_becter, nrook_campfire
D:6:      layout_cave_pools, minmay_temple_entry_nine_rooms, kennysheep_nub
D:7:      layout_gridville, grunt_gozag_statues, dancing_weapons_uskayaw,
          trog_hazing_becter
D:8:      layout_gridville, nzn_wu_jian_contemplation,
          mainiacjoe_overflow_24_doors
D:9:      layout_irregular_city, nicolae_sif_muna_condensation,
          chequers_temple_overflow_minitemple, grunt_lair_entry_orc_guard_hut,
          serial_shops, nicolae_lakefront_shop, uniq_psyche
Lair:1:   layout_regular_city, wad_woods_03, uniq_erica, uniq_urug,
          uniq_nergalle
Lair:2:   layout_loops_ring, minmay_shoals_entry_lonely_mermaid, st_stairs_8
Shoals:1: layout_shoals, uniq_kirke
Shoals:2: layout_shoals, ebering_ghost_gozag
Shoals:3: layout_shoals, nicolae_shoals_abyss_on_the_beach, uniq_ilsuiw
Shoals:4: shoals_end_hangedman, layout_shoals, hellmonk_ghost_happy_afterlife,
          uniq_polyphemus

Skill      XL: |  1  2  3  4  5  6  7  8  9 10 11 12 13 14 |
---------------+-------------------------------------------+-----
Fire Magic     | 4 5 6 7 8 9 10 11 | 11.7
Spellcasting   | 3 6 8 10 11 13 15 | 15.0
Dodging        | 3 4 5 |  5.7
Conjurations   | 2 3 5 7 8 9 11 12 13 | 13.2
Ice Magic      | 2 4 5 6 10 11 12 | 12.2
Long Blades    | 2 5 |  5.5
Fighting       | 1 2 |  2.3
Translocations | 1 2 4 5 |  5.3
Evocations     | 2 |  2.0
Air Magic      | 2 3 4 6 7 |  7.3
Stealth        | |  1.4

Action                   |  1- 3 |  4- 6 |  7- 9 | 10-12 | 13-15 || total
-------------------------+-------+-------+-------+-------+-------++-------
Melee: Unarmed           |    20 |     3 |     3 |       |       ||    26
       Great sword       |       |       |    27 |    40 |       ||    67
       Double sword      |       |       |       |       |    10 ||    10
 Cast: Foxfire           |    44 |    21 |    71 |     7 |       ||   143
       Scorch            |     3 |    10 |    33 |    41 |    21 ||   108
       Flame Wave        |       |     3 |    10 |     4 |       ||    17
       Hailstorm         |       |       |    13 |    31 |     4 ||    48
       Iskenderun's Myst |       |       |     1 |    17 |    67 ||    85
       Freezing Cloud    |       |       |       |    38 |    67 ||   105
       Ozocubu's Refrige |       |       |       |     4 |    21 ||    25
  Use: Scroll            |     7 |     1 |     7 |     6 |     9 ||    30
       Potion            |       |       |     1 |       |     2 ||     3
Armor: Robe              |    17 |    17 |    39 |    31 |    10 ||   114
Dodge: Dodged            |    33 |    20 |    38 |    71 |    33 ||   195
       Repelled          |       |       |       |     2 |     1 ||     3
Block: Other             |     1 |    11 |     7 |    23 |    12 ||    54
       Reflection        |       |       |       |       |     1 ||     1
